 Dungeon Crawl Stone Soup version 0.31.0-10-gcf4a605ca0 (webtiles) character file.

Game seed: 5248971274305564431

1606983 iamserjio the Worldbinder (level 25, 147/147 HPs)
             Began as a Felid Cinder Acolyte on Jan 25, 2024.
             Was the Champion of Jiyva.
             Escaped with the Orb
             ... and 3 runes
             ... and 1 gem!
             The game lasted 03:47:12 (83543 turns).

iamserjio the Worldbinder (Felid Cinder Acolyte)   Turns: 83543, Time: 03:47:12

Health: 147/147    AC: 13    Str: 10    XL:     25   Next: 72%
Magic:  46/46      EV: 38    Int: 26    God:    Jiyva [******]
Gold:   3087       SH:  0    Dex: 22    Spells: 1/60 levels left
                                        Lives:  2   Deaths: 3

rFire   + .          .
                       - Unarmed
rCold   + + .        (shield unavailable)
rNeg    . . .        (body armour unavailable)
rPois   +            (helmet unavailable)
rElec   .            (cloak unavailable)
rCorr   +            (gloves unavailable)
SInv    +            (boots unavailable)
Will    +++..        U - amulet of guardian spirit
Stlth   ++           Y - ring "Gomid" {rPois rF+ rC+ AC+4}
HPRegen 2.04/turn    q - +6 ring of dexterity
MPRegen 1.10/turn

%: guardian spirit
@: maw-form, calling dragons, studying Summonings
A: devouring maw, very small, claws 2, fangs 3, see invisible, shaggy fur 3,
stealthy paws, no weapons or thrown items, no armour, multi-lived, horns 2,
iridescent scales 3, pseudopods 2
0: Orb of Zot
}: 3/15 runes: decaying, serpentine, slimy
a: Begin Untransformation, Renounce Religion, Oozemancy, Slimify


You escaped.
You worshipped Jiyva.
Jiyva was exalted by your worship.
You were a creature with a mouth for a stomach.
You visited 11 branches of the dungeon, and saw 54 of its levels.
You visited 1 bazaar.
You also visited: Sewer, Gauntlet, Wizlab and Desolation.

You collected 5410 gold pieces.
You spent 2323 gold pieces at shops.

Inventory:

Jewellery
 a - a ring of willpower
 o - an amulet of regeneration
 p - an amulet of reflection
 q - a +6 ring of dexterity (right paw)
 w - a +6 ring of strength
 z - the ring of Faonojue {Wiz rElec}
   (You took it off a deep elf pyromancer on level 1 of the Elven Halls)

   [ring of wizardry]

   Wiz:       It improves your spell success rate.
   rElec:     It insulates you from electricity.
 J - an amulet of magic regeneration
 L - the ring "Hudawu" {Fire Str+3}
   (You found it on level 5 of the Pits of Slime)

   [ring of fire]

   Fire:      It enhances your fire magic.
   Str+3:     It affects your strength (+3).
   rF+:       It protects you from fire.
   rC-:       It makes you vulnerable to cold.
 N - a ring of poison resistance
 S - a ring of ice
 U - an amulet of guardian spirit (around neck)
 W - a ring of flight
 X - the ring of Ceojya {*Slow rPois rF+ AC+4}
   (You took it off a deep elf annihilator on level 3 of the Elven Halls)

   [ring of protection]

   AC+4:      It affects your AC (+4).
   rF+:       It protects you from fire.
   rPois:     It protects you from poison *Slow: It may slow you when you take
   damage.
 Y - the ring "Gomid" (left paw) {rPois rF+ rC+ AC+4}
   (You took it off a deep elf annihilator on level 3 of the Elven Halls)

   [ring of protection]

   AC+4:      It affects your AC (+4).
   rF+:       It protects you from fire.
   rC+:       It protects you from cold.
   rPois:     It protects you from poison
 Z - a +6 ring of intelligence
Talismans
 e - a maw talisman (active)
 A - the serpent talisman of Qazlal's Whim {rCorr Dex-3 Slay+5}
   (You took it off Aizul on level 1 of the Elven Halls)

   [serpent talisman]

   Dex-3:     It affects your dexterity (-3).
   Slay+5:    It affects your accuracy & damage with ranged weapons and melee
   (+5).
   rCorr:     It protects you from acid and corrosion.
 Q - a flux talisman
Wands
 h - a wand of mindburst (28)
 u - a wand of quicksilver (47)
 y - a wand of paralysis (37)
 D - a wand of digging (5) {@v3}
 O - a wand of iceblast (24) {@v2}
 R - a wand of polymorph (5)
Scrolls
 c - 8 scrolls of teleportation {@r3}
 d - a scroll of silence
 f - 7 scrolls of amnesia
 j - 6 scrolls of fog
 k - 5 scrolls of blinking {@r4}
 l - 7 scrolls of immolation
 E - 4 scrolls of vulnerability
 M - a scroll of revelation
 T - a scroll of butterflies
Potions
 b - 6 potions of might {@q3}
 g - 10 potions of curing {@q1}
 i - 6 potions of enlightenment
 m - 2 potions of mutation
 n - 11 potions of brilliance
 r - 3 potions of magic
 t - 4 potions of invisibility
 v - 6 potions of lignification
 x - a potion of ambrosia
 B - 5 potions of resistance {@q5}
 C - 7 potions of attraction
 F - a potion of haste {@q4}
 G - a potion of cancellation
 P - 2 potions of berserk rage
 V - 6 potions of heal wounds {@q2}
Miscellaneous
 s - a lightning rod (4/4)
 H - a phantom mirror (inert)
 I - a tin of tremorstones (2/2)
 K - a phial of floods


   Skills:
 - Level 20.0 Fighting
 - Level 21.0 Dodging
 - Level 7.0 Stealth
 - Level 18.0 Unarmed Combat
 - Level 18.0 Spellcasting
 - Level 7.4 Hexes
 - Level 24.0 Summonings
 * Level 8.4 Necromancy
 - Level 12.0 Translocations
 - Level 2.6 Fire Magic
 - Level 5.0 Air Magic
 - Level 3.0 Earth Magic
 - Level 5.3 Alchemy
 * Level 11.3 Evocations
 - Level 10.0 Shapeshifting


You had one spell level left.
You knew the following spells:

 Your Spells              Type           Power      Damage    Failure   Level
a - Monstrous Menagerie   Summ           49%        N/A       1%          7
b - Call Canine Familiar  Summ           99%        N/A       0%          3
c - Vhi's Electric Charg  Tloc/Air       100%       N/A       1%          4
d - Blink                 Tloc           100%       N/A       1%          2
e - Sublimation of Blood  Necr           61%        N/A       1%          2
f - Summon Lightning Spi  Summ/Air       78%        N/A       1%          4
g - Apportation           Tloc           100%       N/A       0%          1
h - Martyr's Knell        Necr/Summ      82%        N/A       1%          4
i - Manifold Assault      Tloc           72%        N/A       1%          4
j - Dragon's Call         Summ           49%        N/A       11%         9
k - Passage of Golubria   Tloc           72%        N/A       1%          4
l - Yara's Violent Unrav  Hex/Alch       27%        3d12      4%          5
m - Passwall              Erth           39%        N/A       1%          3
n - Malign Gateway        Summ/Tloc      43%        N/A       1%          7

Your spell library contained the following spells:

 Spells                   Type           Power      Damage    Failure   Level
 Summon Small Mammal      Summ           100%       N/A       0%          1
 Magic Dart               Conj           92%        1d7       1%          1
 Necrotise                Necr           100%       1d9       1%          1
 Sandblast                Erth           78%        2d17      1%          1
 Sting                    Conj/Alch      100%       1d9       1%          1
 Call Imp                 Summ           100%       N/A       0%          2
 Summon Cactus Giant      Summ           49%        N/A       0%          6
 Ensorcelled Hibernation  Hex/Ice        84%        N/A       1%          2
 Jinxbite                 Hex            100%       N/A       1%          2
 Mercury Vapours          Alch/Air       100%       N/A       1%          2
 Scorch                   Fire           74%        2d8       1%          2
 Static Discharge         Conj/Air       72%        3-6/arc   1%          2
 Dazzling Flash           Conj/Hex       84%        N/A       1%          3
 Fugue of the Fallen      Necr           61%        N/A       1%          3
 Mephitic Cloud           Conj/Alch/Air  41%        N/A       1%          3
 Sigil of Binding         Hex            58%        N/A       1%          3
 Summon Ice Beast         Ice/Summ       72%        N/A       1%          3
 Tukima's Dance           Hex            58%        N/A       1%          3
 Vampiric Draining        Necr           61%        2d10      1%          3
 Anguish                  Hex/Necr       29%        N/A       1%          4
 Cause Fear               Hex            29%        N/A       1%          4
 Iskenderun's Mystic Bla  Conj/Tloc      53%        2d11      1%          4
 Summon Blazeheart Golem  Fire/Summ      75%        N/A       1%          4
 Curse of Agony           Necr           61%        N/A       1%          5
 Summon Hydra             Summ           49%        N/A       1%          7
 Airstrike                Air            24%        2d(4-20)  2%          4
 Olgreb's Toxic Radiance  Alch           50%        N/A       2%          4
 Dispersal                Tloc           36%        N/A       2%          6
 Stone Arrow              Conj/Erth      62%        3d10      3%          3
 Silence                  Hex/Air        27%        N/A       4%          5
 Alistair's Intoxication  Alch           33%        N/A       6%          5
 Brom's Barrelling Bould  Conj/Erth      31%        2d5       11%         4
 Spellforged Servitor     Conj/Summ      36%        N/A       12%         7
 Lee's Rapid Deconstruct  Erth           19%        3d11*     16%         5
 Arcjolt                  Conj/Air       18%        1d28      21%         5
 Freezing Cloud           Conj/Ice/Air   16%        6-21      28%         5
 Fireball                 Conj/Fire      15%        3d8       32%         5
 Plasma Beam              Fire/Air       21%        2x1d33    54%         6
 Disjunction              Tloc           36%        N/A       67%         8
 Conjure Ball Lightning   Conj/Air       18%        3x3d6     73%         6
 Bombard                  Conj/Erth      15%        9d3       86%         6
 Discord                  Hex            29%        N/A       99%         8
 Ozocubu's Refrigeration  Ice            11%        4d10      100%        7
 Lehudib's Crystal Spear  Conj/Erth      15%        10d5      100%        8
 Maxwell's Capacitive Co  Air            24%        ∞         100%        8
 Animate Armour           Summ/Erth      Unusable   N/A       N/A         4
 Dimensional Bullseye     Hex/Tloc       Unusable   N/A       N/A         4

Dungeon Overview and Level Annotations

Branches:
Dungeon (15/15)            Temple (0/1) D:7            Lair (5/5) D:8
  Swamp (4/4) Lair:2        Snake (4/4) Lair:2        Slime (5/5) Lair:4
    Orc (2/2) D:12            Elf (3/3) Orc:2        Vaults (4/5) D:14
  Crypt (3/3) Vaults:3       Tomb (0/3) Crypt:3      Depths (4/4) D:15
    Zot (5/5) Depths:4      Sewer (visited)          WizLab (visited)
Desolation (visited)      Gauntlet (visited)

Altars:
Cheibriados
Elyvilon
Gozag
Hepliaklqana
Kikubaaqudgha
Makhleb
Okawaru
Ru
Sif Muna
Trog
Vehumet
Xom
Yredelemnul
Zin
The Shining One
Jiyva

Shops:
D:2 (   D:7 *   Orc:2 *[:(   Elf:2 ?[   Elf:3 *   Vaults:3 *   Zot:3 *
Depths:2 ***

Portals:
Hell: Lair:5 Depths:1 Depths:2 Depths:3 Depths:4
Abyss: Depths:3
Pandemonium: Depths:2
Ziggurat: Depths:4

Annotations:
Lair:5 exclusion: oklob plant
Elf:2 1 runed translucent door
Crypt:3 exclusion: 3 doors
Depths:2 3 runed translucent doors, exclusion: obsidian statue, Zeph's ghost, adept NaFi
Depths:4 exclusions: angel, daeva and 2 more exclusions
Zot:1 3 runed translucent doors, Sebriys's ghost, legendary TrBe
Zot:5 exclusion: obsidian statue


Innate Abilities, Weirdness & Mutations

You are a creature with a mouth for a stomach.
Your midsection houses a second, enormous mouth.
You have sharp claws.
You have razor-sharp teeth.
You have supernaturally acute eyesight. (SInv)
Your thick and shaggy fur keeps you warm. (AC +3, rC+)
Your paws help you pounce on unaware monsters.
You are incapable of wielding weapons or throwing items.
You cannot wear armour.
You gain extra lives every three experience levels.
You have a pair of horns on your head.
You are completely covered in iridescent scales. (AC +6)
Armour fits poorly on your large pseudopods.


Message History

A dragon arrives to answer your call! The hell beast closely misses you.
The hell beast misses you.
Your ice dragon bites the hell beast.
Your ice dragon claws the hell beast!
Your ice dragon tramples the hell beast but does no damage.
The hell beast misses you. The hell beast completely misses you.
A dragon arrives to answer your call!
The hell beast bites your shadow dragon!
The hell beast tramples your shadow dragon but does no damage.
Your ice dragon bites the hell beast!
Your ice dragon barely misses the hell beast.
Your ice dragon closely misses the hell beast.
Your shadow dragon closely misses the hell beast.
Your shadow dragon misses the hell beast.
Your shadow dragon claws the hell beast but does no damage.
Your shadow dragon bites the hell beast but does no damage.
Your shadow dragon claws the hell beast!
Your shadow dragon claws the hell beast.
A dragon arrives to answer your call!
The hell beast bites your shadow dragon!
The hell beast closely misses your shadow dragon.
Your shadow dragon closely misses the hell beast.
Your shadow dragon claws the hell beast!
Your shadow dragon misses the hell beast.
Your shadow dragon bites the hell beast.
Your shadow dragon claws the hell beast. x2
The hell beast bites your shadow dragon.
The hell beast tramples your shadow dragon.
Your shadow dragon holds its ground!
The hell beast bites your shadow dragon!
The hell beast tramples your shadow dragon!
Your shadow dragon holds its ground!
Your shadow dragon completely misses the hell beast.
Your shadow dragon claws the hell beast. x2
Your shadow dragon bites the hell beast!
The hell beast dies!
Your shadow dragon disappears in a puff of smoke!
There is an open door here.
There is an open door here.
There is a staircase leading out of the dungeon here.
You have escaped!

##
#....######.....#..###....#.#.
#
#....#....#.######...#....#..#
#
#...##.##.#......###.##...#...
#
#..'#..##.######.#...##+..###.
#..#..###...D....#.###.#..# #.
#.###########.####.#...##.# #.
#.######...##'####.#.####.###.
#.##.....#.'...'.....####.....
##.'..#.#####.W.#######..'.#...
#..####.#...'...'.#.....##.....
#..####.#.####'##...######.....
#..##...#.####.###.#######.....
#...#.###.#....# #.###..#...###
#...'##..[#.######.##..#'...###
#....##.###......#.##.##.......
#.....#...######.#....#.....###
#.....###..#.....######.....#


You could see a friendly shadow dragon (summoned).

Vanquished Creatures
  An orb of fire (Zot:5)
  2 dread liches
  2 ancient liches (Zot:5)
  Nikola (Elf:3)
  A golden dragon (Zot:5)
  Norris (Depths:3)
  A bone dragon (Crypt:3)
  Jorgrun (Orc:1)
  5 tentacled monstrosities
  8 Orb Guardians (Zot:5)
  A walking frostbound tome (Depths:3)
  A lich (Crypt:2)
  A sphinx (Vaults:1)
  2 death cobs
  A deep elf blademaster (Elf:3)
  4 ancient champions (Crypt:3)
  3 quicksilver dragons
  A tengu reaver (Vaults:3)
  Gastronok (Lair:3)
  A nagaraja (Snake:4)
  2 thorn hunters (Swamp:4)
  A revenant (Crypt:3)
  A fire giant (Depths:1)
  A protean progenitor (Zot:2)
  A draconian knight (Zot:3)
  A fenstrider witch (Swamp:4)
  5 deep elf sorcerers
  3 deep elf elementalists (Elf:3)
  A frost giant (Depths:2)
  8 vault wardens
  A ghost moth (Zot:5)
  A draconian shifter (Zot:4)
  A cacodemon (WizLab)
  3 curse skulls
  4 ghouls
  A draconian stormcaller (Depths:4)
  5 orc warlords
  2 angels (Elf:2)
  Louise (Elf:1)
  7 ironbound preservers
  3 stone giants
  A deep elf demonologist (Elf:3)
  6 ironbound thunderhulks
  4 eleionomae
  2 vampire knights
  8 dire elephants
  2 white draconians
  A lorocyproca (WizLab)
  6 deep elf annihilators (Elf:3)
  4 deep elf death magi
  2 red draconians
  A yellow draconian (Zot:3)
  2 bunyips
  7 spark wasps
  3 eidola (Crypt:2)
  A blizzard demon (WizLab)
  Josephine (Orc:2)
  An entropy weaver (Vaults:1)
  Fannar (D:13)
  2 jiangshi (Crypt:2)
  6 deep elf high priests (Elf:3)
  The ghost of Purph the Cleaver, a journeyman MiBe of Trog (Lair:1)
  7 yaktaur captains
  9 vault guards
  A rakshasa (D:14)
  A ghost crab (Swamp:4)
  Erolcha (D:12)
  3 ice dragons
  A peacekeeper (Vaults:2)
  A spriggan air mage (Depths:4)
  A salamander tyrant (Snake:4)
  2 catoblepae
  15 hydras
  Erica (D:9)
  2 ogre magi
  12 centaur warriors
  11 ironbound frosthearts
  20 dancing weapons
  9 alligators
  17 anacondas
  A death knight (D:13)
  2 deep troll shamans (Depths:3)
  11 naga warriors
  A boulder beetle (D:14)
  A bennu skeleton (Crypt:1)
  A deep troll earth mage (Vaults:2)
  2 tengu warriors
  9 two-headed ogres
  3 hell hogs (Depths:3)
  2 spriggan berserkers (Swamp:4)
  20 naga sharpshooters
  3 orc high priests
  A titan zombie (Depths:3)
  A hell knight (Depths:4)
  4 shock serpents
  An emperor scorpion zombie (Crypt:1)
  An occultist (Lair:5)
  2 soul eaters
  3 sun demons
  13 deep elf knights
  Nergalle (Orc:2)
  A shadow wraith (Crypt:2)
  16 skeletal warriors
  2 sixfirhies
  22 deep trolls
  8 naga ritualists
  3 flayed ghosts
  11 mana vipers
  4 arcanists
  10 bog bodies
  5 goliath frogs
  2 shadow demons (WizLab)
  8 lindwurms
  6 spriggan druids
  The ghost of Skimidon the Skirmisher, a novice DEGl of Dithmenos (D:6)
  9 swamp dragons
  14 deep elf archers
  9 orc knights
  2 necromancers
  17 deep elf pyromancers
  15 ironbound convokers
  A wolf spider (D:15)
  24 deep elf zephyrmancers
  An alligator skeleton (Crypt:1)
  7 salamanders
  10 ugly things
  5 moths of wrath
  2 will-o-the-wisps
  3 orc sorcerers
  3 cyclopes
  A goliath frog skeleton (Crypt:2)
  4 manticores
  9 elephants
  4 kobold blastminers
  A rust devil (WizLab)
  7 vault sentinels
  6 guardian serpents
  A human skeleton (Vaults:3)
  A green draconian zombie (Crypt:1)
  9 naga magi
  47 black mambas
  Joseph (D:9)
  A smoke demon (Lair:5)
  An orange demon (Lair:5)
  13 cane toads
  A centaur skeleton (Crypt:1)
  2 gargoyles
  6 rime drakes (Lair:5)
  2 freezing wraiths
  20 yaktaurs
  6 kobold demonologists
  An efreet (D:14)
  11 komodo dragons
  A purple draconian skeleton (Crypt:2)
  3 trolls
  A hellwing (WizLab)
  2 red devils (WizLab)
  3 polar bears
  2 blink frogs (Lair:4)
  8 tyrant leeches
  Prince Ribbit (D:5)
  A harpy skeleton (Crypt:1)
  11 hornets
  A dream sheep (Lair:3)
  A slime creature (D:12)
  6 air elementals
  A jumping spider (D:11)
  A stone giant simulacrum (Crypt:1)
  A centaur simulacrum (Crypt:1)
  Sigmund (D:2)
  13 spriggans
  A culicivora (shapeshifter) (Depths:3)
  A hog (Lair:1)
  10 wyverns
  Eustachio (D:4)
  35 yaks
  6 wraiths
  16 fire elementals
  4 humans (D:14)
  2 water elementals (Elf:1)
  8 basilisks
  2 steam dragons
  7 wargs
  11 vampire mosquitoes
  39 nagas
  An acid dragon (D:9)
  3 hell hounds (Lair:5)
  12 swamp worms
  A cane toad zombie (Crypt:1)
  18 water moccasins
  27 orc warriors
  3 black bears
  2 laughing skulls (D:15)
  9 swamp drakes
  2 sky beasts
  5 ice beasts
  7 centaurs
  9 ogres
  3 boggarts (Vaults:1)
  A crocodile (D:9)
  7 wolves
  A manticore skeleton (Crypt:1)
  A phantom (D:4)
  9 kobold brigands
  9 bullfrogs
  A gnoll sergeant (D:8)
  2 scorpions
  A wyvern skeleton (Crypt:2)
  2 earth elementals (Elf:1)
  An elf skeleton (Crypt:2)
  3 howler monkeys (D:7)
  9 nameless horrors
  5 vampire bats (Lair:4)
  3 electric eels
  2 quasits (D:5)
  2 jellies
  10 orc priests
  A gnoll bouda (D:5)
  5 iguanas
  Crazy Yiuf (D:4)
  A basilisk skeleton (Crypt:3)
  Natasha (thrice) (D:2)
  A sleepcap (D:6)
  11 orc wizards
  A steam dragon zombie (Crypt:2)
  9 adders
  18 gnolls
  3 river rats (Sewer)
  4 shadow imps
  2 white imps (D:5)
  5 ufetubi
  5 dart slugs
  6 ribbon worms
  33 orcs
  9 bats
  9 endoplasms
  3 giant cockroaches
  7 goblins
  8 hobgoblins
  A jackal (D:3)
  21 kobolds
  7 quokkas
  9 ball pythons
  4 frilled lizards
  10 rats
1296 creatures vanquished.

Vanquished Creatures (collateral kills)
  2 orbs of fire
  4 dread liches (Zot:5)
  4 ancient liches
  Mennas (Depths:3)
  Mara (Depths:2)
  A juggernaut (Depths:2)
  Sojobo (Crypt:3)
  A curse toe (Zot:2)
  4 Killer Klowns (Zot:5)
  Margery (Depths:4)
  7 caustic shrikes
  3 golden dragons
  A Hellbinder (WizLab)
  A bone dragon (Crypt:3)
  4 hellephants
  2 electric golems (Zot:5)
  8 tentacled monstrosities
  18 Orb Guardians
  The ghost of Raspi the Warrior, an adept HOMo of Qazlal (Swamp:1)
  4 liches
  A deep elf blademaster (Elf:2)
  2 sphinxes
  4 quicksilver dragons
  5 eldritch tentacles
  A death cob (Zot:5)
  2 ancient champions
  A thorn hunter (Swamp:1)
  5 shadow dragons
  4 storm dragons
  Aizul (Elf:1)
  5 tengu reavers
  4 draconian monks
  3 draconian knights
  A nagaraja (Snake:4)
  6 vault wardens
  A fire giant (Depths:2)
  3 frost giants (Depths:2)
  A deep elf sorcerer (Elf:3)
  2 draconian shifters
  3 draconian scorchers
  The ghost of Killmatronix the Spry, an adept SpBe of Trog (Snake:3)
  An iron dragon (Depths:4)
  A ghost moth (Zot:3)
  The ghost of Ciageutz the Thaumaturge, a journeyman GnHW of Sif Muna (Snake:2)
  A spriggan defender (Depths:3)
  A curse skull (Crypt:2)
  3 draconian annihilators
  3 ironbound preservers
  A juggernaut zombie (Depths:3)
  A draconian stormcaller (Zot:3)
  7 ghouls (Crypt:2)
  10 very ugly things
  9 stone giants
  The ghost of Mallanif the Martial Artist, a journeyman GnSh of Ashenzari (D:13)
  2 vampire knights
  4 ironbound thunderhulks
  2 lorocyprocas (WizLab)
  A dire elephant (Vaults:1)
  8 spark wasps
  An eleionoma (Swamp:1)
  A deep elf annihilator (Elf:3)
  5 yellow draconians
  3 deep elf death magi
  A war gargoyle (Vaults:2)
  7 black draconians
  2 pale draconians (Depths:4)
  4 purple draconians (Zot:3)
  A bunyip (Swamp:2)
  3 red draconians
  11 green draconians
  6 white draconians
  4 eidola
  5 ettins
  2 green deaths
  2 crystal guardians
  A yaktaur captain (Vaults:2)
  A shambling mangrove (Swamp:1)
  5 fire dragons
  7 vault guards
  7 jiangshi
  A rakshasa (Depths:3)
  A great orb of eyes (D:15)
  3 hell beasts
  4 hydras
  6 spriggan air magi
  2 peacekeepers (Vaults:3)
  9 ice dragons
  An ogre mage (Vaults:3)
  An alligator (Swamp:1)
  A catoblepas (D:15)
  A caustic shrike simulacrum (Crypt:1)
  2 spriggan skeletons (Crypt:3)
  5 centaur warriors
  An anaconda (Snake:2)
  3 ironbound frosthearts
  2 boulder beetles
  5 two-headed ogres
  2 death knights (Crypt:1)
  7 deep troll shamans
  4 hell hogs (Depths:3)
  5 naga warriors
  5 tengu warriors
  7 deep troll earth magi
  4 vampire magi
  11 dancing weapons (Elf:2)
  A shock serpent (Snake:2)
  An occultist (Depths:2)
  9 spriggan berserkers
  6 naga sharpshooters
  6 deep elf knights
  9 hell knights
  17 skeletal warriors
  6 shadow wraiths
  Amaemon (D:8)
  A cherub (Zot:3)
  6 iron trolls
  2 sixfirhies
  A golden dragon zombie (Depths:3)
  18 deep trolls
  4 skysharks
  A sun demon (Depths:2)
  4 nameless horrors
  A quicksilver dragon simulacrum (Crypt:1)
  5 swamp dragons
  A flayed ghost (Crypt:1)
  A bog body (Swamp:4)
  2 mana vipers (Snake:2)
  A tengu zombie (Vaults:3)
  5 ironbound convokers
  An orc knight (Orc:2)
  4 fenstrider witch simulacra (Crypt:1)
  2 arcanists
  3 spriggan simulacra
  7 necromancers
  An orc sorcerer (Elf:1)
  4 phantasmal warriors
  12 ugly things
  4 deep elf pyromancers
  2 elf skeletons (Vaults:3)
  A tengu skeleton (Vaults:3)
  8 deep elf zephyrmancers
  2 salamanders
  2 manticores
  An alligator skeleton (Crypt:3)
  A shadow dragon skeleton (Crypt:1)
  8 moths of wrath
  An iron dragon skeleton (Crypt:3)
  A guardian serpent (Snake:2)
  A rust devil (WizLab)
  A water nymph (shapeshifter) (D:15)
  A fire giant skeleton (Vaults:3)
  4 orange demons
  2 smoke demons
  2 torpor snails
  8 vault sentinels
  A naga mage (Snake:3)
  A spectral iron troll (Crypt:3)
  2 elephants
  3 black mambas
  4 cane toads
  15 freezing wraiths
  8 yaktaurs
  5 ice devils
  7 komodo dragons
  A tormentor (WizLab)
  An orb spider zombie (Crypt:2)
  3 spectral deep trolls (Crypt:3)
  An anaconda simulacrum (Crypt:1)
  A bunyip simulacrum (Crypt:1)
  5 red devils
  A tengu conjurer (Depths:2)
  A white draconian skeleton (Crypt:1)
  2 hellwings (WizLab)
  A shadow dragon simulacrum (Crypt:1)
  A troll (D:12)
  A polar bear (Lair:1)
  A blink frog (Lair:4)
  9 hornets
  A tarantella (Vaults:1)
  6 dream sheep (Lair:3)
  A fire giant simulacrum (Depths:1)
  A frost giant simulacrum (Depths:3)
  A stone giant simulacrum (Vaults:3)
  3 slime creatures (D:12)
  An iron dragon simulacrum (Depths:1)
  2 shadows
  2 centaur simulacra (Crypt:1)
  A dire elephant simulacrum (Crypt:1)
  10 spriggans
  2 wyverns
  A vampire (Crypt:2)
  6 wraiths (Crypt:1)
  21 yaks
  A human (D:14)
  2 naga simulacra (Crypt:1)
  2 steam dragons (Depths:4)
  A catoblepas simulacrum (Crypt:1)
  4 vampire mosquitoes
  8 nagas
  2 harpy simulacra (Crypt:1)
  A swamp worm (Swamp:1)
  A faun skeleton (Crypt:3)
  8 water moccasins
  A water nymph zombie (Crypt:3)
  5 hell hounds
  A snapping turtle zombie (Crypt:3)
  A black bear (D:6)
  A sky beast (D:7)
  2 swamp drakes
  A fire dragon simulacrum (Crypt:1)
  3 orc warriors
  9 laughing skulls
  3 ogres (Vaults:3)
  A blink frog zombie (Crypt:1)
  2 centaurs
  A black mamba simulacrum (Crypt:1)
  A wolf (Lair:3)
  A manticore skeleton (Crypt:3)
  2 human zombies (Vaults:3)
  2 bullfrogs (Lair:2)
  A gnoll sergeant (D:9)
  A necrophage (Crypt:2)
  2 scorpions
  Dowan (D:7)
  4 killer bees (D:10)
  A wolf skeleton (Crypt:2)
  2 orc priests
  A gnoll bouda (D:8)
  4 jellies
  An iguana (D:6)
  2 orc wizards
  7 gnolls
  2 white imps (D:5)
  An adder skeleton (Crypt:1)
  9 orcs
  4 kobolds
  An orc skeleton (Crypt:2)
792 creatures vanquished.

Vanquished Creatures (others)
  33 eldritch tentacles
  A storm dragon (Zot:3)
  2 azure jellies
  A green draconian (Zot:3)
  4 great orbs of eyes
  A great orb of eyes (shapeshifter) (Depths:4)
  2 vault guards
  An ironbound frostheart (Vaults:4)
  A hydra (Swamp:4)
  An alligator (Swamp:4)
  2 spriggan berserkers
  A shock serpent (shapeshifter) (Depths:2)
  2 spriggan druids (Swamp:4)
  2 deep trolls (Vaults:2)
  A swamp dragon (Swamp:4)
  2 arcanists
  A mana viper (Snake:2)
  A harpy (shapeshifter) (Depths:4)
  4 lindwurms
  A necromancer (Vaults:2)
  An ugly thing (Vaults:2)
  A shining eye (shapeshifter) (Depths:4)
  A glowing shapeshifter (Depths:3)
  2 moths of wrath
  A vault sentinel (Vaults:2)
  2 guardian serpents
  A tengu conjurer (D:14)
  2 yaktaurs (Vaults:2)
  A tyrant leech (Swamp:4)
  24 slime creatures
  A wyvern (shapeshifter) (Elf:3)
  2 humans (D:14)
  A fire elemental (Elf:1)
  2 redbacks (Vaults:1)
  3 orc warriors
  A draconian skeleton (Crypt:2)
  388 jellies
  7 orc priests
  An orc wizard (Orc:2)
  A steam dragon skeleton (Crypt:2)
  5 orcs
  A quokka skeleton (Crypt:3)
  8 foxfires
521 creatures vanquished.

Grand Total: 2609 creatures vanquished

Notes
Turn   | Place    | Note
-------+----------+-------------------------------------------
     0 | D:1      | iamserjio the Felid Cinder Acolyte began the quest for the
                  | Orb.
     0 | D:1      | Reached XP level 1. HP: 12/12 MP: 3/3
    98 | D:1      | You fall into a shaft and drop 1 floor!
   168 | D:2      | Reached skill level 1 in Stealth
   233 | D:1      | Slain by a rat
   233 | D:1      | Lost a life (0 lives remaining)
   272 | D:1      | Reached XP level 2. HP: 14/16 MP: 4/4
   861 | D:1      | Learned a level 2 spell: Scorch
   991 | D:2      | Reached XP level 3. HP: 20/20 MP: 2/5
  1293 | D:2      | Found a faded altar of an unknown god.
  1296 | D:2      | Reached skill level 1 in Summonings
  1493 | D:2      | Noticed Natasha
  1504 | D:2      | Killed Natasha
  1505 | D:2      | Reached XP level 4. HP: 11/24 MP: 0/7
  1505 | D:2      | Gained a life (1 life remaining)
  1597 | D:2      | Learned a level 3 spell: Call Canine Familiar
  1613 | D:2      | Noticed Sigmund
  1804 | D:2      | Found Ewuargh's Weapon Emporium.
  1926 | D:2      | Noticed Natasha
  1934 | D:2      | Killed Natasha
  1935 | D:2      | Reached skill level 2 in Summonings
  2161 | D:2      | Found a faded altar of an unknown god.
  2163 | D:2      | Noticed Natasha
  2192 | D:2      | Killed Natasha
  2193 | D:2      | Reached XP level 5. HP: 19/28 MP: 1/9
  2462 | D:3      | Reached skill level 3 in Summonings
  2566 | D:3      | Learned a level 1 spell: Summon Small Mammal
  2687 | D:3      | Identified the +0 ring mail of Wonder {Fly rC- rN+}
  2903 | D:3      | Learned a level 2 spell: Blink
  3004 | D:3      | Reached skill level 1 in Translocations
  3172 | D:3      | Gained mutation: You are covered in thick fur. (AC +2)
                  | [Felid growth]
  3172 | D:3      | Reached XP level 6. HP: 32/32 MP: 3/10
  3516 | D:3      | Found a snail-covered altar of Cheibriados.
  3579 | D:4      | Reached skill level 1 in Evocations
  3599 | D:4      | Found a runed translucent door.
  3600 | D:4      | Noticed Crazy Yiuf
  3678 | D:4      | Reached skill level 4 in Summonings
  3724 | D:4      | Noticed Eustachio
  3854 | D:4      | Found a glowing drain.
  3866 | Sewer    | Entered a sewer
  4025 | Sewer    | Reached skill level 5 in Summonings
  4435 | Sewer    | Reached XP level 7. HP: 36/36 MP: 0/11
  4435 | Sewer    | Gained a life (2 lives remaining)
  4636 | Sewer    | Reached skill level 1 in Dodging
  5145 | Sewer    | Reached skill level 5 in Unarmed Combat
  5841 | D:5      | Entered Level 5 of the Dungeon
  6037 | D:5      | Reached XP level 8. HP: 42/42 MP: 5/13
  6269 | D:5      | Noticed Prince Ribbit
  6290 | D:5      | Killed Prince Ribbit
  6832 | D:5      | Found a burning altar of Makhleb.
  7204 | D:2      | Learned a level 2 spell: Call Imp
  7214 | D:2      | Killed Sigmund
  7215 | D:2      | Reached skill level 5 in Fighting
  7215 | D:2      | Reached skill level 5 in Dodging
  7495 | D:2      | Found Ewuargh's Weapon Emporium.
  7688 | D:4      | Killed Crazy Yiuf
  8737 | D:6      | Reached XP level 9. HP: 47/47 MP: 1/14
  9001 | D:6      | Found a sacrificial altar of Ru.
  9484 | D:6      | Found a runed translucent door.
  9484 | D:6      | Noticed Skimidon's ghost (novice DEGl)
  9990 | D:6      | Identified a scroll of acquirement
  9998 | D:6      | Learned a level 4 spell: Summon Lightning Spire
 10076 | D:6      | Reached skill level 1 in Air Magic
 10276 | D:7      | Found Xoed's Mayhem Merchandise.
 10299 | D:7      | Noticed Duvessa
 10462 | D:7      | Identified the +1 spear of the Whale {drain, Fly rF- Str+2
                  | Int+3}
 10678 | D:7      | Found a staircase to the Ecumenical Temple.
 10701 | D:7      | Duvessa changed into Duvessa the ice beast
 10701 | D:7      | Noticed Duvessa
 10715 | D:7      | Noticed Dowan
 10911 | D:7      | Bought a wand of iceblast (5) for 192 gold pieces
 11031 | D:7      | Found an opulent altar of Gozag.
 11066 | D:7      | Found a bloodstained altar of Trog.
 11354 | D:7      | Reached skill level 6 in Summonings
 11440 | D:7      | Killed Dowan
 11512 | D:7      | Killed Duvessa the ice beast
 11597 | D:7      | Found an iron altar of Okawaru.
 12102 | D:8      | Reached XP level 10. HP: 56/56 MP: 2/17
 12789 | D:8      | Found a staircase to the Lair.
 13360 | D:8      | Found a transporter.
 13411 | D:8      | Found a transporter.
 13636 | D:8      | Reached skill level 10 in Dodging
 13923 | D:4      | Killed Eustachio
 14131 | D:9      | Noticed a gargoyle
 14131 | D:9      | Noticed a two-headed ogre
 14244 | D:9      | Noticed Erica
 14257 | D:9      | Killed Erica
 14258 | D:9      | Reached XP level 11. HP: 21/60 MP: 13/18
 14502 | D:9      | Noticed Jeremiah
 14503 | D:9      | Jeremiah changed into Jeremiah the crocodile
 14503 | D:9      | Noticed Jeremiah
 14509 | D:9      | Noticed a two-headed ogre
 14510 | D:9      | Killed Jeremiah the crocodile
 14589 | D:9      | Reached skill level 7 in Summonings
 14595 | D:9      | Killed a two-headed ogre
 14600 | D:9      | Noticed a two-headed ogre
 14613 | D:9      | Killed a two-headed ogre
 14792 | D:9      | Noticed a two-headed ogre
 14804 | D:9      | Killed a two-headed ogre
 14960 | D:9      | Found the +6 shillelagh "Devastator" {shatter}
 14996 | D:9      | Noticed Joseph
 15034 | D:9      | Killed Joseph
 15076 | D:9      | Killed a two-headed ogre
 15077 | D:9      | Reached skill level 10 in Unarmed Combat
 15263 | D:10     | Entered Level 10 of the Dungeon
 15682 | D:10     | Found a radiant altar of Vehumet.
 15685 | D:10     | Found a hazy altar of Hepliaklqana.
 16429 | D:10     | Learned a level 1 spell: Apportation
 16460 | D:10     | Reached skill level 8 in Summonings
 16650 | D:11     | Noticed Snorg
 16661 | D:11     | Snorg changed into Snorg the jumping spider
 16661 | D:11     | Noticed Snorg
 16800 | D:11     | Killed Snorg the jumping spider
 17195 | D:11     | Noticed a two-headed ogre
 17204 | D:11     | Killed a two-headed ogre
 17596 | D:11     | Reached skill level 10 in Fighting
 17596 | D:11     | Gained mutation: Your thick and shaggy fur keeps you warm.
                  | (AC +3, rC+) [Felid growth]
 17596 | D:11     | Reached XP level 12. HP: 57/67 MP: 13/19
 17777 | D:12     | Found a gate leading to a gauntlet.
 17801 | Gauntlet | Entered a Gauntlet
 17801 | Gauntlet | Found a transporter.
 17839 | Gauntlet | Found a transporter.
 17839 | Gauntlet | Found a transporter.
 17840 | Gauntlet | Found a transporter.
 17848 | Gauntlet | Found a transporter.
 17851 | Gauntlet | Found a transporter.
 17852 | Gauntlet | Found a transporter.
 17860 | Gauntlet | Found a transporter.
 17863 | Gauntlet | Found a transporter.
 17864 | Gauntlet | Found a transporter.
 17872 | Gauntlet | Found a transporter.
 17875 | Gauntlet | Found a transporter.
 17876 | Gauntlet | Found a transporter.
 17883 | Gauntlet | Found a runed translucent door.
 17886 | Gauntlet | Found a transporter.
 18298 | D:12     | Noticed Erolcha
 18544 | D:6      | Killed Skimidon's ghost
 18707 | Lair:1   | Entered Level 1 of the Lair of Beasts
 18707 | Lair:1   | Found a runed translucent door.
 18709 | Lair:1   | Noticed Purph's ghost (journeyman MiBe)
 18714 | Lair:1   | Identified the +7 spear "Roekhluy" {heavy, rPois rF- rN+
                  | Stlth+}
 18859 | Lair:1   | Noticed Amaemon
 18922 | D:8      | Killed Amaemon
 19239 | Lair:1   | Noticed a boulder beetle
 19740 | Lair:1   | Killed a boulder beetle
 20177 | Lair:1   | Noticed Sonja
 20188 | Lair:1   | Sonja changed into Sonja the hog
 20188 | Lair:1   | Noticed Sonja
 20195 | Lair:1   | Killed Sonja the hog
 21322 | Lair:1   | Reached XP level 13. HP: 44/74 MP: 6/20
 21967 | Lair:2   | Found a staircase to the Snake Pit.
 21980 | Lair:2   | Reached skill level 15 in Dodging
 22215 | Lair:2   | Found a staircase to the Swamp.
 22215 | Lair:2   | Noticed an eleionoma
 22232 | Lair:2   | Killed an eleionoma
 22734 | Lair:3   | Noticed Gastronok
 22748 | Lair:3   | Reached skill level 9 in Summonings
 24384 | Lair:4   | Reached skill level 1 in Shapeshifting
 24783 | Lair:4   | You fall into a shaft and drop 1 floor!
 24783 | Lair:5   | Entered Level 5 of the Lair of Beasts
 24789 | Lair:4   | Upgraded the game from 0.31.0-9-g3a7656b989 to
                  | 0.31.0-10-gcf4a605ca0
 24802 | Lair:4   | Found a staircase to the Slime Pits.
 24802 | Lair:4   | Found a viscous altar of Jiyva.
 26111 | Lair:5   | Reached skill level 5 in Shapeshifting
 26164 | Lair:5   | Identified the +3 dagger of Cetyap {heavy, rCorr}
 26250 | Lair:4   | Reached XP level 14. HP: 65/80 MP: 15/21
 27144 | Lair:5   | Reached skill level 5 in Translocations
 28411 | Lair:5   | Found a burning altar of Makhleb.
 29295 | Lair:5   | Found a gateway to Hell.
 29941 | Lair:5   | Found a burning altar of Makhleb.
 29947 | Lair:5   | Found a gateway to Hell.
 31285 | D:13     | Found a runed translucent door.
 31287 | D:13     | Noticed Mallanif's ghost (journeyman GnSh)
 31565 | D:13     | Identified the +9 mace of Interdependent Arising {freeze,
                  | *Noise rF+ Int+3}
 32142 | D:14     | Reached skill level 10 in Shapeshifting
 33194 | D:14     | Reached XP level 15. HP: 67/84 MP: 18/22
 33397 | D:14     | Found a gate to the Vaults.
 33698 | D:14     | Learned a level 4 spell: Vhi's Electric Charge
 33699 | D:15     | Entered Level 15 of the Dungeon
 34607 | D:15     | Found a radiant altar of Vehumet.
 35039 | D:15     | Reached skill level 5 in Spellcasting
 35310 | D:15     | Found a staircase to the Depths.
 36140 | D:12     | Noticed Fannar
 36383 | D:12     | Killed Erolcha
 36560 | D:12     | Found a staircase to the Orcish Mines.
 36876 | D:13     | Killed Fannar
 37137 | D:13     | Found a runed translucent door.
 37443 | Lair:4   | Fell from the grace of Ignis
 37443 | Lair:4   | Became a worshipper of Jiyva Jupsemih the Shapeless
 37570 | Lair:1   | Killed Purph's ghost
 37819 | Orc:1    | Entered Level 1 of the Orcish Mines
 37819 | Orc:1    | Noticed Jorgrun
 38308 | Orc:1    | Killed Jorgrun
 38318 | Orc:1    | HP: 5/102 [orc warrior/+0 trident[an orc knight] (5)]
 38319 | Orc:1    | HP: 1/102 [orc warrior/+0 short sword[an orc warlord] (4)]
 38319 | Orc:1    | Slain by an orc warrior
 38319 | Orc:1    | Lost a life (1 life remaining)
 38397 | Orc:1    | You fall into a shaft and drop 1 floor!
 38397 | Orc:2    | Entered Level 2 of the Orcish Mines
 38397 | Orc:2    | Found a staircase to the Elven Halls.
 38465 | Orc:2    | Reached * piety under Jiyva
 38645 | Orc:2    | Noticed Josephine
 39110 | Orc:2    | Killed Josephine
 41102 | Orc:2    | Noticed Nergalle
 41436 | Orc:2    | Killed Nergalle
 41823 | Orc:2    | Found Duex's Antique Armour Shoppe.
 41839 | Orc:2    | Found Ibiorph's General Store.
 41846 | Orc:2    | Bought a scroll of teleportation for 30 gold pieces
 41900 | Orc:2    | Reached ** piety under Jiyva
 41956 | Orc:2    | Found Mityij's Book Shoppe.
 41971 | Orc:2    | Found Niletzoj's Antique Weapon Shoppe.
 42277 | Orc:1    | Reached XP level 16. HP: 81/91 MP: 21/28
 42277 | Orc:1    | Gained a life (2 lives remaining)
 42929 | Lair:3   | Killed Gastronok
 43707 | Elf:1    | Entered Level 1 of the Elven Halls
 43713 | Elf:1    | Paralysed by an air elemental for 1 turns
 43718 | Orc:2    | Paralysed by an air elemental for 1 turns
 44102 | Elf:1    | Found a gateway to a bazaar.
 44111 | Bazaar   | Entered a bazaar
 44126 | Bazaar   | Found Cikleg's Antique Armour Shoppe.
 44142 | Bazaar   | Found Biffudi's Book Shoppe.
 44157 | Bazaar   | Found Guazaroyg's Armour Emporium.
 44546 | Elf:1    | Reached *** piety under Jiyva
 44681 | Elf:1    | Reached skill level 5 in Evocations
 44936 | Elf:1    | Identified the ring of Faonojue {Wiz rElec}
 45019 | Elf:1    | Was forgiven by Ignis
 45378 | Elf:1    | Found a shimmering altar of Xom.
 45436 | Elf:1    | Gained mutation: You are agile. (Dex +4, Str/Int -1)
                  | [Jiyva's grace]
 45436 | Elf:1    | Gained mutation: You are very agile. (Dex +8, Str/Int -2)
                  | [Jiyva's grace]
 45436 | Elf:1    | Gained mutation: You have a pair of small horns on your
                  | head. [Jiyva's grace]
 45436 | Elf:1    | Gained mutation: You have a pair of horns on your head.
                  | [Jiyva's grace]
 45461 | Elf:1    | Noticed Louise
 45483 | Elf:1    | Killed Louise
 45484 | Elf:1    | Reached skill level 10 in Summonings
 45935 | Elf:1    | Identified the serpent talisman of Qazlal's Whim {rCorr
                  | Dex-3 Slay+5}
 45935 | Elf:1    | Noticed Aizul
 45951 | Elf:1    | Killed Aizul
 46002 | Elf:2    | Paralysed by an air elemental for 1 turns
 46010 | Elf:1    | Paralysed by an air elemental for 1 turns
 46075 | Elf:2    | Identified the +3 pair of gloves "Kowk" {Regen+}
 46089 | Elf:2    | Found Zumotiq's Antique Armour Emporium.
 46237 | Elf:2    | Found Kommoz's Distillery.
 46249 | Elf:2    | Bought a potion of berserk rage for 85 gold pieces
 46249 | Elf:2    | Bought a potion of heal wounds for 85 gold pieces
 46249 | Elf:2    | Bought a potion of curing for 51 gold pieces
 46249 | Elf:2    | Bought a potion of might for 68 gold pieces
 46249 | Elf:2    | Bought a potion of haste for 170 gold pieces
 46249 | Elf:2    | Bought a potion of curing for 51 gold pieces
 46271 | Elf:2    | Found a white marble altar of Elyvilon.
 46291 | Elf:2    | Found a crumbling gateway.
 46293 | Elf:2    | Found a glowing silver altar of Zin.
 46293 | Elf:2    | Found a glowing golden altar of the Shining One.
 46312 | Elf:2    | Reached skill level 5 in Air Magic
 46322 | Desolati | Entered the Desolation of Salt
 46386 | Elf:2    | Found Faumnoxt's Magic Scroll Shoppe.
 46395 | Elf:2    | Bought a scroll of blinking for 82 gold pieces
 46395 | Elf:2    | Bought a scroll of teleportation for 33 gold pieces
 46395 | Elf:2    | Bought a scroll of blinking for 82 gold pieces
 46395 | Elf:2    | Bought a scroll of teleportation for 33 gold pieces
 46624 | Elf:2    | Reached skill level 11 in Summonings
 46800 | Elf:2    | Found a runed translucent door.
 46824 | Elf:2    | Found a runed translucent door.
 46944 | Elf:3    | Entered Level 3 of the Elven Halls
 47658 | Elf:3    | Reached XP level 17. HP: 97/97 MP: 27/30
 48493 | Elf:3    | Found Xiedoyg's General Store.
 48496 | Elf:3    | Bought a potion of heal wounds for 90 gold pieces
 48659 | Elf:3    | Paralysed by an air elemental for 1 turns
 48688 | Elf:3    | Identified the +4 ice dragon scales of Luinwinn {*Slow Fly
                  | rPois rF- rC++ SInv}
 48751 | Elf:3    | Learned a level 4 spell: Summon Blazeheart Golem
 48825 | Elf:3    | Noticed Nikola
 48849 | Elf:3    | Killed Nikola
 48960 | Elf:3    | Lost mutation: You have a pair of horns on your head.
                  | [Jiyva's grace]
 48960 | Elf:3    | Lost mutation: You are very agile. (Dex +8, Str/Int -2)
                  | [Jiyva's grace]
 48960 | Elf:3    | Gained mutation: Your rubbery body absorbs attacks. (AC +1,
                  | EV +1) [Jiyva's grace]
 48960 | Elf:3    | Gained mutation: Your pliable body absorbs attacks. (AC +2,
                  | EV +2) [Jiyva's grace]
 48960 | Elf:3    | Gained mutation: Your gelatinous body deflects attacks. (AC
                  | +3, EV +3) [Jiyva's grace]
 48960 | Elf:3    | Gained mutation: You are very agile. (Dex +8, Str/Int -2)
                  | [Jiyva's grace]
 49132 | Elf:3    | Identified the ring of Ceojya {*Slow rPois rF+ AC+4}
 49245 | Elf:3    | Identified the ring "Gomid" {rPois rF+ rC+ AC+4}
 49263 | Elf:3    | Reached skill level 12 in Summonings
 49390 | Elf:3    | Noticed a deep elf blademaster
 49402 | Elf:3    | Killed a deep elf blademaster
 49492 | Elf:3    | Reached skill level 10 in Spellcasting
 50182 | Elf:3    | Identified the +9 trident of Rurub {flame, rPois Int+3
                  | SInv}
 50300 | Elf:3    | Got the Meditations on Clouds
 50398 | Elf:3    | Found Xiedoyg's General Store.
 51132 | Elf:2    | Bought a scroll of silence for 104 gold pieces
 51279 | Orc:2    | Bought a book of the Warp for 588 gold pieces
 51284 | Orc:2    | Learned a level 4 spell: Manifold Assault
 51519 | Snake:1  | Entered Level 1 of the Snake Pit
 51520 | Snake:1  | You fall into a shaft and drop 1 floor!
 51979 | Snake:2  | Found a transporter.
 51986 | Snake:2  | Found a transporter.
 52492 | Snake:2  | Reached **** piety under Jiyva
 52549 | Snake:2  | Noticed Ciageutz's ghost (journeyman GnHW)
 52994 | Snake:1  | Reached skill level 10 in Translocations
 53408 | Snake:3  | Reached skill level 13 in Summonings
 53500 | Snake:3  | Lost mutation: You are very agile. (Dex +8, Str/Int -2)
                  | [Jiyva's grace]
 53500 | Snake:3  | Gained mutation: You expend magic power (3 MP) to
                  | strengthen your wands. [Jiyva's grace]
 53500 | Snake:3  | Gained mutation: A frigid envelope surrounds you and
                  | freezes all who hurt you. [Jiyva's grace]
 53500 | Snake:3  | Gained mutation: Your translucent skin slightly reduces
                  | your foes' accuracy. (Stealth+) [Jiyva's grace]
 53500 | Snake:3  | Gained mutation: Your translucent skin reduces your foes'
                  | accuracy. (Stealth+) [Jiyva's grace]
 53570 | Snake:3  | Found a transporter.
 53573 | Snake:3  | Noticed Killmatronix's ghost (adept SpBe)
 53770 | Snake:3  | Reached ***** piety under Jiyva
 53776 | Snake:3  | Found a runed translucent gate.
 53776 | Snake:3  | Found a runed translucent gate.
 53776 | Snake:3  | Found a runed translucent gate.
 53925 | Snake:3  | Reached XP level 18. HP: 102/102 MP: 34/34
 54011 | Snake:3  | Found a bloodstained altar of Trog.
 54017 | Snake:3  | Found a transporter.
 54731 | Snake:4  | Entered Level 4 of the Snake Pit
 55102 | Snake:4  | Reached skill level 14 in Summonings
 55216 | Snake:4  | Lost mutation: Your gelatinous body deflects attacks. (AC
                  | +3, EV +3) [Jiyva's grace]
 55216 | Snake:4  | Lost mutation: Your translucent skin reduces your foes'
                  | accuracy. (Stealth+) [Jiyva's grace]
 55216 | Snake:4  | Gained mutation: Your melee attacks may engulf your foes in
                  | ooze. [Jiyva's grace]
 55216 | Snake:4  | Gained mutation: You passively map a small area around you.
                  | [Jiyva's grace]
 55216 | Snake:4  | Gained mutation: You passively map the area around you.
                  | [Jiyva's grace]
 55216 | Snake:4  | Gained mutation: You passively map a large area around you.
                  | [Jiyva's grace]
 55696 | Snake:4  | Acquired 971 gold pieces
 56185 | Snake:4  | Reached skill level 15 in Summonings
 56648 | Snake:4  | Got a serpentine rune of Zot
 56944 | Swamp:1  | Entered Level 1 of the Swamp
 56957 | Swamp:1  | Learned a level 9 spell: Dragon's Call
 56979 | Swamp:1  | Reached skill level 16 in Summonings
 57363 | Swamp:1  | Noticed Raspi's ghost (adept HOMo)
 57372 | Swamp:1  | Found a runed translucent gate.
 57372 | Swamp:1  | Found a runed translucent gate.
 57372 | Swamp:1  | Found a runed translucent gate.
 58075 | Swamp:2  | Reached XP level 19. HP: 106/106 MP: 34/36
 58299 | Swamp:2  | Lost mutation: You passively map a large area around you.
                  | [Jiyva's grace]
 58299 | Swamp:2  | Gained mutation: Your spells are a little harder to cast,
                  | but a little more powerful. [Jiyva's grace]
 58299 | Swamp:2  | Gained mutation: Your spells are harder to cast, but more
                  | powerful. [Jiyva's grace]
 58299 | Swamp:2  | Gained mutation: Your spells are much harder to cast, but
                  | much more powerful. [Jiyva's grace]
 58299 | Swamp:2  | Gained mutation: You are very agile. (Dex +8, Str/Int -2)
                  | [Jiyva's grace]
 58473 | Swamp:2  | Reached skill level 17 in Summonings
 58896 | Swamp:3  | Reached ****** piety under Jiyva
 59040 | Swamp:4  | Entered Level 4 of the Swamp
 59722 | Swamp:4  | Got a decaying rune of Zot
 59977 | Slime:1  | Entered Level 1 of the Pits of Slime
 60136 | Slime:5  | Entered Level 5 of the Pits of Slime
 60136 | Slime:5  | Found the dreamshard necklace {Acrobat *Dream}
 60139 | Slime:5  | Found a viscous altar of Jiyva.
 60167 | Slime:5  | Found the +3 giant club "Skullcrusher" {speed, Str+7}
 60167 | Slime:5  | Found the +27 heavy crossbow "Sniper" {heavy, Acc+∞ SInv}
 60191 | Slime:5  | Identified the +7 longbow of the Fox {drain, +Blink}
 60213 | Slime:5  | Identified the staff "Dimm" {rF- rN++ Will+ Conj}
 60214 | Slime:5  | Got a starry gem with 365 turns to spare
 60215 | Slime:5  | Identified the ring "Hudawu" {Fire Str+3}
 60218 | Slime:5  | Got a slimy rune of Zot
 60231 | Slime:5  | Learned a level 4 spell: Passage of Golubria
 60504 | Vaults:1 | Entered Level 1 of the Vaults
 60610 | Vaults:1 | Reached skill level 18 in Summonings
 61275 | Vaults:1 | Lost mutation: A frigid envelope surrounds you and freezes
                  | all who hurt you. [Jiyva's grace]
 61275 | Vaults:1 | Lost mutation: You passively map the area around you.
                  | [Jiyva's grace]
 61275 | Vaults:1 | Lost mutation: Your spells are much harder to cast, but
                  | much more powerful. [Jiyva's grace]
 61275 | Vaults:1 | Lost mutation: Your pliable body absorbs attacks. (AC +2,
                  | EV +2) [Jiyva's grace]
 61275 | Vaults:1 | Lost mutation: Your translucent skin slightly reduces your
                  | foes' accuracy. (Stealth+) [Jiyva's grace]
 61275 | Vaults:1 | Gained mutation: You have a small jelly attached to you
                  | that may absorb projectiles. [Jiyva's grace]
 61275 | Vaults:1 | Gained mutation: Your body has grown eyes which may confuse
                  | attackers. (Acc +3) [Jiyva's grace]
 61275 | Vaults:1 | Gained mutation: Your body has grown many eyes which may
                  | confuse attackers. (Acc +5) [Jiyva's grace]
 61275 | Vaults:1 | Gained mutation: Your body is covered in eyes which may
                  | confuse attackers. (Acc +7, SInv) [Jiyva's grace]
 61494 | Vaults:1 | Reached skill level 19 in Summonings
 61668 | Vaults:1 | Reached XP level 20. HP: 57/111 MP: 39/39
 62710 | Vaults:2 | Identified the orb of Uskayaw's Castigation {light,
                  | Alchemy}
 62710 | Vaults:2 | Noticed Frederick
 62717 | Vaults:2 | Slimified Frederick
 62717 | Vaults:2 | Frederick changed into Frederick the azure jelly
 62717 | Vaults:2 | Noticed Frederick
 62983 | Vaults:2 | Killed Frederick the azure jelly
 63108 | Vaults:2 | Reached skill level 20 in Summonings
 63368 | Vaults:2 | Lost mutation: Your rubbery body absorbs attacks. (AC +1,
                  | EV +1) [Jiyva's grace]
 63368 | Vaults:2 | Gained mutation: You have acidic saliva. [Jiyva's grace]
 63368 | Vaults:2 | Gained mutation: Your muscles are strong. (Str +4, Int/Dex
                  | -1) [Jiyva's grace]
 63368 | Vaults:2 | Gained mutation: Your muscles are very strong. (Str +8,
                  | Int/Dex -2) [Jiyva's grace]
 63368 | Vaults:2 | Gained mutation: You possess an exceptional clarity of
                  | mind. [Jiyva's grace]
 63573 | Vaults:2 | You fall into a shaft and drop 1 floor!
 64065 | Vaults:3 | Reached skill level 15 in Spellcasting
 64609 | Vaults:3 | Reached skill level 21 in Summonings
 64731 | Vaults:3 | Found Hetizibb's General Store.
 64865 | Vaults:3 | Found a staircase to the Crypt.
 65384 | Vaults:4 | Lost mutation: You possess an exceptional clarity of mind.
                  | [Jiyva's grace]
 65384 | Vaults:4 | Lost mutation: Your muscles are very strong. (Str +8,
                  | Int/Dex -2) [Jiyva's grace]
 65384 | Vaults:4 | Lost mutation: Your spells are harder to cast, but more
                  | powerful. [Jiyva's grace]
 65384 | Vaults:4 | Lost mutation: Your body is covered in eyes which may
                  | confuse attackers. (Acc +7, SInv) [Jiyva's grace]
 65384 | Vaults:4 | Lost mutation: Your melee attacks may engulf your foes in
                  | ooze. [Jiyva's grace]
 65384 | Vaults:4 | Gained mutation: Your flesh is cold resistant. (rC+)
                  | [Jiyva's grace]
 65384 | Vaults:4 | Gained mutation: Your flesh is very cold resistant. (rC++)
                  | [Jiyva's grace]
 65384 | Vaults:4 | Gained mutation: Your flesh is almost immune to the effects
                  | of cold. (rC+++) [Jiyva's grace]
 65384 | Vaults:4 | Gained mutation: Your mind is acute. (Int +4, Str/Dex -1)
                  | [Jiyva's grace]
 65413 | Vaults:4 | Reached XP level 21. HP: 115/115 MP: 29/41
 66931 | Elf:2    | Reached skill level 22 in Summonings
 67553 | Crypt:1  | Entered Level 1 of the Crypt
 67851 | Crypt:1  | Lost mutation: You are very agile. (Dex +8, Str/Int -2)
                  | [Jiyva's grace]
 67851 | Crypt:1  | Lost mutation: You are agile. (Dex +4, Str/Int -1) [Jiyva's
                  | grace]
 67851 | Crypt:1  | Lost mutation: Your flesh is almost immune to the effects
                  | of cold. (rC+++) [Jiyva's grace]
 67851 | Crypt:1  | Lost mutation: You have acidic saliva. [Jiyva's grace]
 67851 | Crypt:1  | Lost mutation: Your body has grown many eyes which may
                  | confuse attackers. (Acc +5) [Jiyva's grace]
 67851 | Crypt:1  | Gained mutation: Armour fits poorly on your pseudopods.
                  | [Jiyva's grace]
 67851 | Crypt:1  | Gained mutation: Armour fits poorly on your large
                  | pseudopods. [Jiyva's grace]
 67851 | Crypt:1  | Gained mutation: Armour fits poorly on your massive
                  | pseudopods. [Jiyva's grace]
 67851 | Crypt:1  | Gained mutation: You are partially covered in iridescent
                  | scales. (AC +2) [Jiyva's grace]
 68457 | Crypt:1  | Learned a level 5 spell: Yara's Violent Unravelling
 68801 | Depths:1 | Entered Level 1 of the Depths
 68935 | Depths:1 | Reached skill level 1 in Hexes
 68958 | Depths:1 | Reached skill level 1 in Alchemy
 69436 | Depths:1 | Noticed a caustic shrike
 69442 | Depths:1 | Killed a caustic shrike
 69502 | Depths:1 | Noticed a caustic shrike
 69508 | Depths:1 | Killed a caustic shrike
 69538 | Depths:1 | Got Sif Muna's Compilation of the Valley
 69543 | Depths:1 | Learned a level 3 spell: Passwall
 69644 | Depths:1 | Reached skill level 1 in Earth Magic
 69751 | Depths:2 | Found Gifa's General Store.
 69757 | Depths:2 | Found a runed translucent gate.
 69764 | Depths:2 | Found a runed translucent gate.
 69764 | Depths:2 | Found an opulent altar of Gozag.
 69765 | Depths:2 | Found a runed translucent gate.
 69766 | Depths:2 | Found Luhev's Assorted Antiques.
 69767 | Depths:2 | Found Qeffoffio's Assorted Antiques.
 69767 | Depths:2 | Noticed Zeph's ghost (adept NaFi)
 69854 | Depths:2 | Noticed Mara
 69859 | Depths:2 | Noticed iamserjio's illusion
 69860 | Depths:2 | Killed Mara
 69861 | Depths:2 | Reached XP level 22. HP: 120/120 MP: 27/44
 70040 | Depths:2 | Noticed a juggernaut
 70050 | Depths:2 | Killed a juggernaut
 70071 | Depths:2 | Identified the +0 quarterstaff "Zuleapn" {vamp, rC++ Dex+3}
 70177 | Depths:2 | Bought a potion of cancellation for 152 gold pieces
 70263 | Depths:2 | Found a one-way gate leading to the halls of Pandemonium.
 70402 | Depths:3 | Found a one-way gate to the infinite horrors of the Abyss.
 70732 | Depths:3 | Noticed Mennas
 70754 | Depths:3 | Lost mutation: You are partially covered in iridescent
                  | scales. (AC +2) [Jiyva's grace]
 70754 | Depths:3 | Lost mutation: Your mind is acute. (Int +4, Str/Dex -1)
                  | [Jiyva's grace]
 70754 | Depths:3 | Lost mutation: Your spells are a little harder to cast, but
                  | a little more powerful. [Jiyva's grace]
 70754 | Depths:3 | Lost mutation: Armour fits poorly on your massive
                  | pseudopods. [Jiyva's grace]
 70754 | Depths:3 | Lost mutation: Armour fits poorly on your large pseudopods.
                  | [Jiyva's grace]
 70754 | Depths:3 | Gained mutation: You passively dampen the noise of your
                  | surroundings. [Jiyva's grace]
 70754 | Depths:3 | Gained mutation: Armour fits poorly on your large
                  | pseudopods. [Jiyva's grace]
 70754 | Depths:3 | Gained mutation: Armour fits poorly on your massive
                  | pseudopods. [Jiyva's grace]
 70754 | Depths:3 | Gained mutation: You are partially covered in iridescent
                  | scales. (AC +2) [Jiyva's grace]
 70838 | Depths:4 | Entered Level 4 of the Depths
 70873 | Depths:3 | Saved by the dreamshard amulet
 70874 | Depths:3 | Annihilated by Mennas
 70874 | Depths:3 | Lost a life (1 life remaining)
 70890 | Depths:3 | Found a shimmering blue altar of Sif Muna.
 71229 | Depths:3 | Reached skill level 23 in Summonings
 71231 | Depths:3 | Noticed Norris
 71242 | Depths:3 | Killed Norris
 71376 | Depths:3 | Killed Mennas
 72039 | Depths:3 | Reached skill level 15 in Fighting
 72738 | Depths:3 | Found a one-way gate to the infinite horrors of the Abyss.
 72959 | Depths:3 | Found a shimmering blue altar of Sif Muna.
 73172 | Depths:4 | Found a one-way gateway to a ziggurat.
 73610 | Depths:4 | Noticed a golden dragon
 73678 | Depths:4 | Killed a golden dragon
 73690 | Depths:4 | Found a gate to the Realm of Zot.
 73777 | Depths:4 | Reached skill level 15 in Unarmed Combat
 73809 | Depths:4 | Noticed Margery
 73871 | Depths:4 | Killed Margery
 73872 | Depths:4 | Reached XP level 23. HP: 128/128 MP: 35/46
 73872 | Depths:4 | Gained a life (2 lives remaining)
 74047 | Depths:4 | Noticed a caustic shrike
 74048 | Depths:4 | Noticed a caustic shrike
 74051 | Depths:4 | Noticed a caustic shrike
 74051 | Depths:4 | Killed a caustic shrike
 74052 | Depths:4 | Noticed a caustic shrike
 74061 | Depths:4 | Killed a caustic shrike
 74066 | Depths:4 | Killed a caustic shrike
 74067 | Depths:4 | Killed a caustic shrike
 74077 | Depths:4 | Noticed a caustic shrike
 74088 | Depths:4 | Killed a caustic shrike
 74680 | D:13     | Killed Mallanif's ghost
 74935 | Snake:2  | Killed Ciageutz's ghost
 74943 | Snake:2  | Identified the +7 plate armour of Zigomousch {rElec}
 74953 | Snake:2  | Acquired the Folio of Amalgamated Places
 74963 | Snake:2  | Learned a level 7 spell: Malign Gateway
 75089 | Snake:3  | Killed Killmatronix's ghost
 75268 | Swamp:1  | Killed Raspi's ghost
 76298 | Crypt:2  | Lost mutation: You passively map a small area around you.
                  | [Jiyva's grace]
 76298 | Crypt:2  | Gained mutation: You have acidic saliva. [Jiyva's grace]
 76298 | Crypt:2  | Gained mutation: You have a small jelly attached to you
                  | that senses nearby items. [Jiyva's grace]
 76298 | Crypt:2  | Gained mutation: You have very sharp fingernails. [Jiyva's
                  | grace]
 76298 | Crypt:2  | Gained mutation: You have claws for hands. [Jiyva's grace]
 76443 | Crypt:2  | Noticed an ancient lich
 76452 | Crypt:2  | Killed an ancient lich
 76587 | Crypt:2  | Noticed a dread lich
 76779 | Crypt:2  | Identified the +7 short sword of the Shifting Fool {holy,
                  | ^Drain rElec SInv}
 77054 | Crypt:2  | Killed a dread lich
 77128 | Crypt:2  | Found a basalt altar of Yredelemnul.
 77147 | Crypt:2  | Got the Collected Works on the Impact
 77368 | Crypt:3  | Entered Level 3 of the Crypt
 77478 | Crypt:3  | Found a magical portal.
 77520 | WizLab   | Entered The Hall of the Hellbinder
 77800 | WizLab   | Found a burning altar of Makhleb.
 77821 | WizLab   | Reached XP level 24. HP: 127/139 MP: 16/46
 77829 | WizLab   | Got Viozeosu's Discourse on Allies
 78017 | Crypt:3  | Noticed an ancient lich
 78026 | Crypt:3  | Killed an ancient lich
 78028 | Crypt:3  | Found the +7 sceptre of Torment {pain, torment}
 78225 | Crypt:3  | Found a staircase to the Tomb.
 78369 | Crypt:3  | Noticed Sojobo
 78385 | Crypt:3  | Killed Sojobo
 79125 | Elf:2    | Bought a potion of mutation for 136 gold pieces
 79125 | Elf:2    | Bought a potion of mutation for 136 gold pieces
 79125 | Elf:2    | Bought a potion of brilliance for 68 gold pieces
 79125 | Elf:2    | Bought a potion of attraction for 51 gold pieces
 79520 | Zot:1    | Entered Level 1 of the Realm of Zot
 79521 | Zot:1    | Noticed a dread lich
 79536 | Zot:1    | Found a runed translucent gate.
 79536 | Zot:1    | Found a runed translucent gate.
 79536 | Zot:1    | Found a runed translucent gate.
 79537 | Zot:1    | Found an ancient bone altar of Kikubaaqudgha.
 79537 | Zot:1    | Noticed a dread lich
 79538 | Zot:1    | Noticed a dread lich
 79538 | Zot:1    | Noticed Sebriys's ghost (legendary TrBe)
 79538 | Zot:1    | Noticed an ancient lich
 79557 | Zot:1    | You fall into a shaft and drop 1 floor!
 79563 | Zot:2    | Lost mutation: You have claws for hands. [Jiyva's grace]
 79563 | Zot:2    | Lost mutation: You have very sharp fingernails. [Jiyva's
                  | grace]
 79563 | Zot:2    | Lost mutation: Your flesh is very cold resistant. (rC++)
                  | [Jiyva's grace]
 79563 | Zot:2    | Lost mutation: Your body has grown eyes which may confuse
                  | attackers. (Acc +3) [Jiyva's grace]
 79563 | Zot:2    | Gained mutation: You are resistant to electric shocks.
                  | (rElec) [Jiyva's grace]
 79563 | Zot:2    | Gained mutation: You are mostly covered in iridescent
                  | scales. (AC +4) [Jiyva's grace]
 79563 | Zot:2    | Gained mutation: You are completely covered in iridescent
                  | scales. (AC +6) [Jiyva's grace]
 79563 | Zot:2    | Gained mutation: You have a pair of horns on your head.
                  | [Jiyva's grace]
 79680 | Zot:2    | Learned a level 7 spell: Monstrous Menagerie
 80084 | Zot:3    | Reached skill level 5 in Stealth
 80192 | Zot:3    | Reached skill level 5 in Hexes
 80214 | Zot:3    | Found Woenlee's CLEARANCE SALE!.
 80224 | Zot:3    | Bought a wand of iceblast (5) for 36 gold pieces
 80609 | Zot:3    | Noticed an orb of fire
 80617 | Zot:3    | Killed an orb of fire
 80631 | Zot:3    | Reached skill level 24 in Summonings
 80639 | Zot:3    | Reached skill level 5 in Alchemy
 80826 | Zot:5    | Entered Level 5 of the Realm of Zot
 80983 | Zot:5    | Learned a level 2 spell: Sublimation of Blood
 80994 | Zot:5    | Learned a level 4 spell: Martyr's Knell
 81102 | Zot:5    | Reached skill level 1 in Necromancy
 81310 | Zot:5    | Noticed a Killer Klown
 81315 | Zot:5    | Killed a Killer Klown
 81316 | Zot:5    | Reached XP level 25. HP: 147/147 MP: 35/46
 81370 | Zot:5    | Noticed a dread lich
 81375 | Zot:5    | Killed a dread lich
 81401 | Zot:5    | Killed a dread lich
 81654 | Zot:5    | Noticed a Killer Klown
 81665 | Zot:5    | Noticed a Killer Klown
 81688 | Zot:5    | Noticed a dread lich
 81697 | Zot:5    | Killed a Killer Klown
 81701 | Zot:5    | Noticed an ancient lich
 81727 | Zot:5    | Killed an ancient lich
 81737 | Zot:5    | Noticed a Killer Klown
 81748 | Zot:5    | Killed a Killer Klown
 81783 | Zot:5    | Killed a dread lich
 82047 | Zot:5    | Noticed an ancient lich
 82057 | Zot:5    | Killed an ancient lich
 82058 | Zot:5    | Reached skill level 5 in Necromancy
 82269 | Zot:5    | Noticed an ancient lich
 82279 | Zot:5    | Killed an ancient lich
 82356 | Zot:5    | Noticed an ancient lich
 82368 | Zot:5    | Lost mutation: Armour fits poorly on your massive
                  | pseudopods. [Jiyva's grace]
 82368 | Zot:5    | Lost mutation: You passively dampen the noise of your
                  | surroundings. [Jiyva's grace]
 82368 | Zot:5    | Gained mutation: Armour fits poorly on your massive
                  | pseudopods. [Jiyva's grace]
 82368 | Zot:5    | Gained mutation: You are covered in slimy tendrils that may
                  | disarm your opponents. [Jiyva's grace]
 82368 | Zot:5    | Gained mutation: Your muscles are very strong. (Str +8,
                  | Int/Dex -2) [Jiyva's grace]
 82368 | Zot:5    | Gained mutation: Your mind is acute. (Int +4, Str/Dex -1)
                  | [Jiyva's grace]
 82370 | Zot:5    | Noticed an orb of fire
 82373 | Zot:5    | Gained mutation: You are frail. (-10% HP) [an orb of fire]
 82377 | Zot:5    | Gained mutation: You are very frail. (-20% HP) [an orb of
                  | fire]
 82386 | Zot:5    | Killed an orb of fire
 82538 | Zot:5    | Killed an ancient lich
 82615 | Zot:5    | Noticed a dread lich
 82622 | Zot:5    | Noticed an orb of fire
 82623 | Zot:5    | Gained mutation: You sometimes lose your temper in combat.
                  | [an orb of fire]
 82623 | Zot:5    | Noticed a dread lich
 82626 | Zot:5    | Noticed an ancient lich
 82628 | Zot:5    | Killed a dread lich
 82629 | Zot:5    | Reached skill level 10 in Evocations
 82635 | Zot:5    | Noticed an ancient lich
 82638 | Zot:5    | Slimified an ancient lich
 82638 | Zot:5    | an ancient lich changed into an acid blob
 82642 | Zot:5    | Killed a dread lich
 82644 | Zot:5    | Slimified an ancient lich
 82644 | Zot:5    | an ancient lich changed into an azure jelly
 82650 | Zot:5    | Killed an orb of fire
 82735 | Zot:5    | Killed a Killer Klown
 82965 | Zot:5    | Lost mutation: You have a pair of horns on your head.
                  | [potion of mutation]
 82965 | Zot:5    | Lost mutation: You sometimes lose your temper in combat.
                  | [potion of mutation]
 82965 | Zot:5    | Lost mutation: Your muscles are very strong. (Str +8,
                  | Int/Dex -2) [potion of mutation]
 82965 | Zot:5    | Gained mutation: You have very sharp fingernails. [potion
                  | of mutation]
 82966 | Zot:5    | Lost mutation: Your muscles are strong. (Str +4, Int/Dex
                  | -1) [potion of mutation]
 82966 | Zot:5    | Lost mutation: You have acidic saliva. [potion of mutation]
 82967 | Zot:5    | Lost mutation: You have a small jelly attached to you that
                  | may absorb projectiles. [potion of mutation]
 82967 | Zot:5    | Lost mutation: Your mind is acute. (Int +4, Str/Dex -1)
                  | [potion of mutation]
 82967 | Zot:5    | Lost mutation: You are covered in slimy tendrils that may
                  | disarm your opponents. [potion of mutation]
 82967 | Zot:5    | Gained mutation: You have a pair of horns on your head.
                  | [potion of mutation]
 82968 | Zot:5    | Lost mutation: You expend magic power (3 MP) to strengthen
                  | your wands. [potion of mutation]
 82968 | Zot:5    | Lost mutation: Armour fits poorly on your massive
                  | pseudopods. [potion of mutation]
 82968 | Zot:5    | Gained mutation: You occasionally shout uncontrollably at
                  | your foes. [potion of mutation]
 82969 | Zot:5    | Lost mutation: Your flesh is cold resistant. (rC+) [potion
                  | of mutation]
 82969 | Zot:5    | Lost mutation: You occasionally shout uncontrollably at
                  | your foes. [potion of mutation]
 82970 | Zot:5    | Lost mutation: You are completely covered in iridescent
                  | scales. (AC +6) [potion of mutation]
 82970 | Zot:5    | Lost mutation: You have a small jelly attached to you that
                  | senses nearby items. [potion of mutation]
 82970 | Zot:5    | Lost mutation: You have a pair of horns on your head.
                  | [potion of mutation]
 82970 | Zot:5    | Gained mutation: You are completely covered in iridescent
                  | scales. (AC +6) [potion of mutation]
 82971 | Zot:5    | Lost mutation: You are very frail. (-20% HP) [potion of
                  | mutation]
 82971 | Zot:5    | Lost mutation: You are frail. (-10% HP) [potion of
                  | mutation]
 82971 | Zot:5    | Gained mutation: You have a pair of horns on your head.
                  | [potion of mutation]
 82971 | Zot:5    | Lost mutation: You are resistant to electric shocks.
                  | (rElec) [potion of mutation]
 82994 | Zot:5    | Got the Orb of Zot
 83267 | D:11     | Noticed Zyecieqa the pandemonium lord
 83543 | D:$      | Escaped with the Orb!

Illustrated notes

Levels and vault maps discovered:
D:1:      nicolae_arrival_somewhat_less_tricky_arrival, layout_loops_ring
D:2:      layout_loops_ring, serial_shops, shop,
          shapermc_ecumenical_altar_notcrosses, uniq_natasha, uniq_sigmund
D:3:      kennysheep_six_static_rooms, layout_rooms,
          nicolae_overflow_hidden_temple
D:4:      layout_loops_cross, cheibrodos_sewer_entry_drain,
          uniq_crazy_yiuf_cottage, uniq_eustachio
D:5:      layout_loops_corners, mainiacjoe_overflow_tiny_flanked,
          serial_demonic, serial_demonic_e, serial_demonic_a, serial_demonic_d,
          serial_demonic_g, serial_demonic_a, uniq_prince_ribbit1
D:6:      layout_cave_pods, mainiacjoe_overflow_alcove_2,
          hellmonk_ghost_happy_afterlife
D:7:      layout_cave_pools, nicolae_gozag_seed_capital, trog_butcher_becter,
          okawaru_ov_weapons_minmay, minmay_temple_entry_hall,
          minmay_shop_mayhem, grunt_ministairs_2, chequers_mini_garden,
          uniq_duvessa
D:8:      layout_gridville, minmay_lair_entry_grove, nicolae_diode_stairs
D:9:      layout_gridville, dilly_guarded_unrand_devastator, uniq_joseph,
          uniq_jeremiah, uniq_erica
D:10:     layout_layer_cave, nicolae_overflow_squiral, chequers_arboretum,
          hex_tiny
D:11:     layout_cross, serial_column_ruins, column_ruins_grid_2,
          column_ruins_open_small, column_ruins_grid_4, column_ruins_open_small,
          column_ruins_open_tiny, column_ruins_open_medium_water,
          column_ruins_corridor_straight, mrwooster_statue_mirror,
          einodemon_armed_red_devil_minivault, uniq_snorg
D:12:     layout_small_grid, erik_orc_1, gauntlet_entry_generic, uniq_erolcha,
          uniq_fannar
D:13:     layout_rooms, ebering_ghost_inner_flame
D:14:     layout_cave_pools, ximxim_vaults_locker_room, kennysheep_flooded_box
D:15:     hangedman_depths_entry_try_elsewhere_first, layout_loops_corners,
          vehumet_crystals, drop_trap
Lair:1:   layout_gridlike, ebering_ghost_funeral_grove, beast_lair_carwin_10,
          uniq_amaemon, uniq_sonja
Lair:2:   layout_hall_layers, alex1729_swamp_entry_worm_eleionoma,
          minmay_snake_entry_six_corridors, minivault_11
Lair:3:   layout_regular_city, serial_bayou_shore_b, uniq_gastronok
Lair:4:   layout_roguey, slime_entry_1, roderic_batcave
Lair:5:   evil_forest, layout_small_grid, portal_ice_cave_rime,
          infiniplex_staircase_pool
Swamp:1:  tekkud_swamp_unearthing_site, layout_falls_marsh,
          evilmike_swamp_ruin_rubble_1, gammafunk_ghost_split,
          evilmike_swamp_ruin_rubble_2
Swamp:2:  layout_basic_swamp, serial_swamp_ruin, evilmike_swamp_ruin_house_5,
          hangedman_swamp_ruin_wall, swamp_pool_1_2
Swamp:3:  layout_falls_marsh, evilmike_swamp_ruin_house_3, swamp_pool_5
Swamp:4:  swamp_basic_johnstein, layout_basic_swamp
Snake:1:  layout_onion_interference, serial_library_regret_index_turning
Snake:2:  layout_cave_pods, gammafunk_ghost_berserking_beasts,
          grunt_megastairs_5
Snake:3:  layout_chambers, gammafunk_ghost_wrathful_warriors,
          nicolae_snake_horde_hoard
Snake:4:  grunt_snake_rune_serpentine_throne, layout_misc_corridors,
          grunt_megastairs_4
Slime:1:  layout_caves
Slime:2:  layout_caves
Slime:3:  cheibrodos_slime_lost_civilization_9, layout_caves
Slime:4:  cheibrodos_slime_lost_civilization_8, layout_caves
Slime:5:  slime_pit_nicolae_jellycorners
Orc:1:    layout_caves, nicolae_orc_tapped_out, uniq_jorgrun
Orc:2:    grunt_orc_cross, layout_caves, nicolae_orc_seminary, uniq_josephine
Elf:1:    nicolae_elf_arrival_aired_out, layout_geoelf_grid, basic_altar,
          serial_shops, bzr_entry_dummy, evilmike_minifort,
          hangedman_elf_power_crystal, lemuel_flamethrower_2, uniq_aizul,
          uniq_louise
Elf:2:    nicolae_elf_blades_splatter_lattice
          [nicolae_blade_entry_splitting_headache], layout_onion_city,
          serial_shops, shop_statue, nicolae_take_the_stairs,
          nicolae_stop_n_shop_1, portal_desolation_entry_holy_temple
Elf:3:    minmay_elf_hall_dome, layout_onion_city, serial_shops,
          nicolae_shop_real_fake_doors, grunt_megastairs_1, uniq_nikola
Vaults:1: nicolae_vaults_meeting, vaults_dpeg_ring, v_misc_23,
          nicolae_vaults_mini_display_case, nicolae_vaults_angled_halls,
          nicolae_vaults_hexular_roomagon, dpeg_vaults_monster_box, v_pattern_4,
          nicolae_vaults_trapezoid_2, layout_vaults_omnigrid
Vaults:2: v_misc_32, v_pattern_5, vaults_room_boxed, vaults_dpeg_encased_lava,
          v_misc_33, vaults_dpeg_cross, ontoclasm_vaults_chip,
          vaults_room_grunt_arrival_ludios, nicolae_vaults_two_Ls,
          nicolae_vaults_crenellated_ambush, nicolae_vaults_little_squares_6,
          nicolae_vaults_circle_grid_b, nicolae_vaults_double_plus_1,
          serial_ice_b, layout_vaults_ring, uniq_frederick
Vaults:3: nicolae_vaults_security_offices_6, nicolae_vaults_three_branches,
          nicolae_vaults_closet_pinwheel_6, ontoclasm_vaults_ring_small,
          grunt_vaults_diagonal, minmay_crypt_entry_simple_box, v_misc_29,
          nicolae_vaults_storage_room_doors, nicolae_vaults_tetromino_T_1,
          vaults_room_pools, layout_vaults_big_room, serial_shops,
          shop_fountains
Vaults:4: nicolae_vaults_ring_of_whatevers, nicolae_vaults_swerve,
          nicolae_vaults_specimen_jars, nicolae_vaults_storage_room_statues,
          nicolae_vaults_stepped_doors, vaults_room_corners,
          nicolae_vaults_tetromino_L_2, ontoclasm_vaults_ligature, v_misc_5,
          nicolae_vaults_little_squares_6, nicolae_vaults_double_plus_2,
          layout_vaults_omnicross
Crypt:1:  layout_misc_corridors, st_chilly_death
Crypt:2:  layout_chaotic_city, nicolae_crypt_vampire_mansion, uniq_josephina
Crypt:3:  david_glass_crypt, layout_gridlike, tomb_entry_forgotten_bobbens,
          lightli_enter_wizlab_magi_temple, skrybe_necro_troll_2, uniq_sojobo
Depths:1: layout_honeycomb, hangedman_decor_riveting, hell_entry,
          grunt_ministairs_9, hangedman_aviary
Depths:2: minmay_the_grid_square_5x5_3x3 [minmay_the_grid_square_5x5_detours,
          minmay_the_grid_square_5x5_inverted_slash,
          minmay_the_grid_square_5x5_tetrominoes,
          minmay_the_grid_square_5x5_meh,
          minmay_the_grid_square_5x5_megaprize_checkered,
          minmay_the_grid_square_5x5_z, minmay_the_grid_square_5x5_trominoes,
          minmay_the_grid_square_5x5_three_walls,
          minmay_the_grid_square_5x5_inner_v], layout_cave_pools, serial_shops,
          shop, rand_demon_pan_entry_7, hell_entry, ebering_ghost_gozag,
          serial_bayou_shore_b, uniq_mara
Depths:3: minmay_octagon_keep, layout_honeycomb, grunt_hell_horde, abyss_entry,
          led_sif_pool, infiniplex_staircase_x, uniq_mennas, uniq_norris
Depths:4: evilmike_zot_entry_gauntlet, layout_gridlike, enter_ziggurat_c,
          minmay_misc_feat_square, pf_vacation_house_of_asmodeus, uniq_margery
Zot:1:    layout_basic, gammafunk_ghost_crypt, grunt_ministairs_3,
          lemuel_golem_globe
Zot:2:    layout_onion, st_stairs_7
Zot:3:    layout_misc_corridors, regret_index_zotdec_carving_tricks,
          nicolae_shop_clearance
Zot:4:    layout_basic, hangedman_zot_decor_scrapings
Zot:5:    layout_misc_corridors

Skill      XL: |  1  2  3  4  5  6  7  8  9 10 11 12 13 14 15 16 17 18 19 20 21 22 23 24 25 |
---------------+----------------------------------------------------------------------------+-----
Stealth        | 1 2 4 7 |  7.0
Summonings     | 1 2 3 5 6 8 9 11 13 16 19 21 22 23 24 | 24.0
Unarmed Combat | 4 5 7 9 10 12 14 15 16 17 18 | 18.0
Spellcasting   | 2 3 4 7 8 11 12 14 15 17 18 | 18.0
Translocations | 2 5 6 9 10 12 | 12.0
Evocations     | 2 3 5 7 11 | 11.3
Dodging        | 3 5 6 10 12 14 16 18 19 21 | 21.0
Fighting       | 4 5 8 10 11 12 13 14 15 18 19 20 | 20.0
Air Magic      | 3 4 5 |  5.0
Shapeshifting  | 5 10 | 10.0
Hexes          | 3 7 |  7.4
Alchemy        | 3 5 |  5.3
Earth Magic    | 3 |  3.0
Necromancy     | 2 8 |  8.4
Fire Magic     | |  2.6

Action                     |  1- 3 |  4- 6 |  7- 9 | 10-12 | 13-15 | 16-18 | 19-21 | 22-24 | 25-27 || total
---------------------------+-------+-------+-------+-------+-------+-------+-------+-------+-------++-------
  Melee: Unarmed           |    72 |    39 |   101 |   481 |  1309 |  1371 |  1085 |   566 |    93 ||  5117
         Bite              |     4 |     6 |     9 |    62 |    98 |       |    17 |   105 |    13 ||   314
         Punch             |     1 |     1 |     8 |    33 |    68 |       |     9 |    89 |     5 ||   214
         Constrict         |       |       |       |       |   118 |   280 |   216 |       |       ||   614
         Maw               |       |       |       |       |    18 |       |    27 |   210 |    30 ||   285
         Headbutt          |       |       |       |       |       |       |    30 |   180 |    32 ||   242
         Pseudopods        |       |       |       |       |       |       |    23 |   181 |    24 ||   228
   Cast: Scorch            |    14 |    70 |   173 |    52 |    22 |       |       |       |       ||   331
         Call Canine Famil |       |       |    31 |    36 |    22 |     2 |     3 |     6 |       ||   100
         Call Imp          |       |       |    22 |    39 |    36 |     4 |       |       |       ||   101
         Blink             |       |       |     1 |     7 |    16 |     3 |     4 |     4 |     1 ||    36
         Summon Lightning  |       |       |       |    56 |   130 |    91 |    87 |    42 |     5 ||   411
         Vhi's Electric Ch |       |       |       |       |       |     1 |     2 |       |       ||     3
         Dragon's Call     |       |       |       |       |       |       |    23 |    68 |    13 ||   104
         Manifold Assault  |       |       |       |       |       |       |     9 |     1 |     3 ||    13
         Malign Gateway    |       |       |       |       |       |       |       |    26 |    12 ||    38
         Passwall          |       |       |       |       |       |       |       |     2 |       ||     2
         Monstrous Menager |       |       |       |       |       |       |       |       |     5 ||     5
         Passage of Golubr |       |       |       |       |       |       |       |       |     5 ||     5
 Invoke: Fiery Armour      |       |       |       |     3 |     2 |       |       |       |       ||     5
         Oozemancy         |       |       |       |       |       |     7 |     9 |       |       ||    16
         Slimify           |       |       |       |       |       |     1 |     2 |     3 |     2 ||     8
  Evoke: Wand              |       |     1 |    14 |    14 |    10 |     8 |     1 |     7 |     1 ||    56
         Phantom mirror    |       |       |       |       |     1 |       |       |     4 |     1 ||     6
         Phial of floods   |       |       |       |       |       |       |     1 |       |       ||     1
    Use: Scroll            |     3 |     4 |     4 |    11 |    14 |     6 |     6 |     9 |     3 ||    60
         Potion            |     1 |     1 |       |     8 |     8 |     5 |     4 |     3 |    15 ||    45
   Stab: Sleeping          |     4 |     2 |     3 |     3 |     6 |     6 |     6 |     6 |       ||    36
         Paralysed         |       |       |     2 |       |     1 |       |       |     1 |       ||     4
         Distracted        |       |       |       |    10 |    26 |    10 |    15 |    24 |     6 ||    91
         Confused          |       |       |       |     1 |       |       |     1 |     2 |       ||     4
         Invisible         |       |       |       |       |     1 |       |     4 |       |       ||     5
 Armour: Skin              |    26 |    17 |    31 |   132 |   466 |   668 |   552 |   366 |    55 ||  2313
  Dodge: Dodged            |    65 |    43 |   132 |   449 |  1125 |  1165 |  1088 |   634 |   101 ||  4802
  Block: Other             |       |     2 |    36 |    91 |   186 |       |       |       |       ||   315
         Reflection        |       |       |     4 |     4 |     4 |       |       |       |       ||    12
   Form: Serpent           |       |       |       |       |     2 |     1 |     3 |       |       ||     6
                           |       |       |       |       |     1 |       |     2 |       |       ||     3
         Maw               |       |       |       |       |     1 |       |     1 |       |       ||     2
